 Dungeon Crawl Stone Soup version 0.24.1-14-gf8d2b509d9 (webtiles) character file.

Game seed: 11915629514274690304, levelgen mode: deterministic

2482 barney the Transmogrifier (level 9, -2/75 HPs)
             Began as a Yellow Draconian Transmuter on Sept 28, 2021.
             Was a Believer of Cheibriados.
             Slain by a yak (17 damage)
             ... on level 7 of the Dungeon.
             The game lasted 00:11:56 (8281 turns).

barney the Transmogrifier (DrTm)                    Turns: 8281, Time: 00:11:57

Health: -2/75      AC:  9    Str: 23    XL:     9   Next: 27%
Magic:  8/12       EV: 13    Int: 23    God:    Cheibriados [**....]
Gold:   416        SH:  4    Dex: 18    Spells: 4/12 levels left

rFire    . . .     SeeInvis +     - Unarmed
rCold    . . .     Gourm    .   (shield currently unavailable)
rNeg     . . .     Faith    .   (armour unavailable)
rPois    .         Spirit   .   (helmet restricted)
rElec    .         Reflect  +   k - scarf {repulsion}
rCorr    +         Harm     .   (gloves currently unavailable)
MR       .....                  (no boots)
Stlth    ++........             i - +4 amulet of reflection
HPRegen  0.22/turn              h - +2 ring of protection
MPRegen  0.13/turn              o - ring of see invisible

@: mighty, blade hands (expiring), repel missiles, very slow
A: spit acid, unfitting armour, cold-blooded, acid resistance, AC +7
a: Breathe Acid, End Transformation, Bend Time, Renounce Religion


You were on level 7 of the Dungeon.
You worshipped Cheibriados.
Cheibriados was pleased with you.
You were hungry.
You had blades for hands.
You visited 2 branches of the dungeon, and saw 8 of its levels.

You collected 416 gold pieces.

Inventory:

Hand Weapons
 f - a +5 whip
 s - the +7 rapier of Joguraz (melded) {flame, rC+}
   (You took it off a crimson imp on level 6 of the Dungeon)

   It has been specially enchanted to burn those struck by it, causing extra
   injury to most foes and up to half again as much damage against particularly
   susceptible opponents.
   It protects you from cold.
Missiles
 a - 92 arrows
 p - 115 stones (quivered)
Armour
 k - a scarf of repulsion (worn)
Magical Staves
 l - an uncursed staff of cold {unknown}
Jewellery
 e - an uncursed ring of teleportation
 h - a +2 ring of protection (left scythe-like blade)
 i - a +4 amulet of reflection (around neck)
 o - a ring of see invisible (right scythe-like blade)
Wands
 q - a wand of iceblast (3)
 r - a wand of enslavement (9)
 x - a wand of disintegration (13)
Scrolls
 b - a scroll of enchant weapon
 d - 2 scrolls of teleportation
 g - 6 scrolls of identify
 u - a scroll of magic mapping
 v - a scroll of amnesia
Potions
 j - 2 potions of resistance
 m - a potion of invisibility
 w - a potion of berserk rage {unknown}
Comestibles
 c - 9 rations


   Skills:
 + Level 6.0 Fighting
 - Level 2.0 Dodging
 - Level 0.1 Stealth
 + Level 6.6 Unarmed Combat
 - Level 2.1 Spellcasting
 + Level 9.7 Transmutations


You had 4 spell levels left.
You knew the following spells:

 Your Spells              Type           Power        Failure   Level  Hunger
b - Spider Form           Tmut/Pois      ###.......   34%         3    ###....
c - Blade Hands           Tmut           #####.....   36%         5    ######.

Your spell library contained the following spells:

 Spells                   Type           Power        Failure   Level  Hunger
 Beastly Appendage        Tmut           #####.       9%          1    #......
 Sticks to Snakes         Tmut           #####...     11%         2    ##.....
 Ice Form                 Ice/Tmut       ###.....     58%         4    #####..


Dungeon Overview and Level Annotations

Branches:
Dungeon (7/15)             Temple (1/1) D:4

Altars:
Ashenzari
Cheibriados
Dithmenos
Elyvilon
Fedhas
Gozag
Hepliaklqana
Kikubaaqudgha
Makhleb
Nemelex Xobeh
Okawaru
Qazlal
Sif Muna
Trog
Uskayaw
Wu Jian
Yredelemnul
Zin
The Shining One

Annotations:
D:3 2 transporters, eggboy84's ghost, amateur HOFi
D:4 3 runed translucent doors, Malcontent's ghost, novice OgGl
D:7 exclusion: ice statue


Innate Abilities, Weirdness & Mutations

You can spit globs of acid.
Your golden yellow scales are hard. (AC +7)
You cannot fit into any form of body armour.
You are cold-blooded and may be slowed by cold attacks.
You are resistant to acid. (rCorr)


Message History

The hog bites you!
* * * LOW HITPOINT WARNING * * *
The hog barely misses you.
It was a potion of might.
You feel very mighty all of a sudden. The hog bites you!
* * * LOW HITPOINT WARNING * * *
You barely miss the hog.
The hog is almost dead.
The hog closely misses you.
You barely miss the hog. You tail-slap the hog.
You kill the hog!
Cheibriados appreciates the change of pace.
Your Fighting skill increases to level 6!
Okay, then.
You completely miss the yak. The yak barely misses you.
You hit the yak. You tail-slap the yak.
The yak is moderately wounded.
The yak gores you!
You die...

.# ##...### #...##### .# ###...##
#..## .## ##....## ##..#
..####...### ##...## ..##....###
##.....# ..........#####
##......#####
##..........(.#######....##..##..
#.......#######.##....#####.....
#.....).#%%.).Y@.....## #......
#.......#%....#....### #......
##......###'###...## ##.....
#......#.....#..## ####..
#......#.....#.## #########.
#......######### ##.....####
##....#.....### ##.......###
##..#........## #....>....##
####....)....### #.8.....8...


You could see a yak.

Vanquished Creatures
  A human (D:7)
  3 hogs (D:7)
  An ice beast (D:7)
  3 ogres
  A centaur (D:6)
  A big kobold (D:7)
  3 bullfrogs
  A scorpion (D:4)
  A howler monkey (D:6)
  A centaur zombie (D:5)
  A crimson imp (D:6)
  3 hounds
  An iron imp (D:5)
  5 orc priests
  5 orc wizards
  2 bullfrog skeletons (D:6)
  3 iguanas
  Natasha (thrice) (D:2)
  4 worker ants
  2 hound skeletons (D:6)
  A worker ant zombie (D:5)
  2 gnolls (D:4)
  A howler monkey skeleton (D:7)
  14 adders
  3 river rats (D:6)
  A shadow imp (D:6)
  An ooze (D:2)
  6 worms (D:6)
  2 dart slugs (D:3)
  6 leopard geckos
  9 orcs
  25 giant cockroaches
  5 goblins
  6 hobgoblins
  11 jackals
  15 kobolds
  10 quokkas
  9 bats
  8 frilled lizards
  A jackal zombie (D:6)
  A leopard gecko skeleton (D:4)
  A leopard gecko zombie (D:7)
  14 rats
197 creatures vanquished.

Vanquished Creatures (others)
  2 plants (D:4)
2 creatures vanquished.

Grand Total: 199 creatures vanquished

Notes
Turn   | Place    | Note
-------+----------+-------------------------------------------
     0 | D:1      | barney the Draconian Transmuter began the quest for the
                  | Orb.
     0 | D:1      | Reached XP level 1. HP: 16/16 MP: 3/3
    63 | D:1      | Reached XP level 2. HP: 18/23 MP: 5/5
   468 | D:1      | Reached XP level 3. HP: 22/28 MP: 4/6
   473 | D:1      | Learned a level 3 spell: Spider Form
   830 | D:2      | Reached skill level 3 in Transmutations
   936 | D:2      | Noticed Natasha
   948 | D:2      | Killed Natasha
   948 | D:2      | Reached XP level 4. HP: 35/35 MP: 3/7
   995 | D:2      | Noticed Natasha
  1009 | D:2      | Killed Natasha
  1009 | D:2      | Reached skill level 4 in Transmutations
  1072 | D:2      | Noticed Natasha
  1077 | D:2      | Killed Natasha
  1129 | D:2      | Reached XP level 5. HP: 37/40 MP: 4/8
  1544 | D:2      | Reached skill level 5 in Transmutations
  1946 | D:3      | Found a transporter.
  1961 | D:3      | Found a transporter.
  1964 | D:3      | Noticed eggboy84's ghost (amateur HOFi)
  1986 | D:3      | Found a burning altar of Makhleb.
  2542 | D:4      | Reached skill level 6 in Transmutations
  2542 | D:4      | Reached XP level 6. HP: 38/47 MP: 7/9
  2592 | D:4      | HP: 2/47 [ogre/cursed +0 giant club (17)]
  3255 | D:4      | Found a staircase to the Ecumenical Temple.
  3276 | Temple   | Entered the Ecumenical Temple
  3480 | D:4      | Found a runed translucent gate.
  3480 | D:4      | Found a runed translucent gate.
  3480 | D:4      | Found a runed translucent gate.
  3481 | D:4      | Noticed Malcontent's ghost (novice OgGl)
  3750 | D:4      | Reached skill level 7 in Transmutations
  3750 | D:4      | Your scales start taking on a golden yellow colour.
  3750 | D:4      | Reached XP level 7. HP: 28/52 MP: 6/10
  3750 | D:4      | Gained mutation: You are resistant to acid. (rCorr) [Yellow
                  | Draconian growth]
  4149 | D:4      | Found a white marble altar of Elyvilon.
  4354 | D:5      | Entered Level 5 of the Dungeon
  4968 | D:5      | Found a snail-covered altar of Cheibriados.
  4980 | D:5      | Reached skill level 8 in Transmutations
  5109 | D:5      | Learned a level 5 spell: Blade Hands
  5211 | D:5      | Became a worshipper of Cheibriados the Contemplative
  6104 | D:6      | Reached XP level 8. HP: 39/62 MP: 4/11
  6228 | D:6      | Identified the +7 rapier of Joguraz {flame, rC+}
  6476 | D:6      | Reached * piety under Cheibriados
  6848 | D:6      | Reached skill level 5 in Unarmed Combat
  7098 | D:6      | Found a snail-covered altar of Cheibriados.
  7299 | D:7      | Reached skill level 9 in Transmutations
  7302 | D:7      | Reached ** piety under Cheibriados
  7536 | D:7      | Reached skill level 5 in Fighting
  7782 | D:7      | Noticed an ice statue
  8269 | D:7      | Reached XP level 9. HP: 50/74 MP: 6/12
  8281 | D:7      | Slain by a yak

Levels and vault maps discovered:
D:1:      saegor_arrival_simple_b, layout_rooms
D:2:      minmay_roachtagon, layout_basic, uniq_natasha
D:3:      layout_loops_ring, lemuel_crystal_altar, gammafunk_ghost_arena,
          first_ration
D:4:      wad_woods_tower, layout_loops_ring, lemuel_coloured_pillars_altar,
          minmay_temple_entry_statues_fountains, gammafunk_ghost_split
D:5:      layout_basic, slow_altar_2
D:6:      layout_gridville, lightli_sewer_entry_pipes,
          chequers_serial_rivers_large_a, cheibriados_altar_1
D:7:      lemuel_ice_statue, layout_cave_pods, grunt_ministairs_10,
          minmay_holes, grunt_livestock, kennysheep_generic_room_5
Temple:   lightli_temple_of_artemis

Skill      XL: |  1  2  3  4  5  6  7  8  9 |
---------------+----------------------------+-----
Dodging        | 2 |  2.0
Transmutations | 3 4 6 7 8 9 |  9.7
Fighting       | 2 5 6 |  6.0
Unarmed Combat | 4 6 |  6.6
Stealth        | |  0.1
Spellcasting   | |  2.1

Action                   |  1- 3 |  4- 6 |  7- 9 || total
-------------------------+-------+-------+-------++-------
Melee: Unarmed           |   104 |   241 |   210 ||   555
       Tailslap          |    10 |     4 |    16 ||    30
       Headbutt          |     2 |     2 |       ||     4
       Punch             |     2 |       |     4 ||     6
       Kick              |     3 |       |       ||     3
       Whip              |       |       |    22 ||    22
       Rapier            |       |       |    39 ||    39
 Cast: Beastly Appendage |    11 |     5 |     2 ||    18
       Spider Form       |     3 |    20 |    10 ||    33
       Blade Hands       |       |       |    25 ||    25
 Abil: Breathe Acid      |       |       |     2 ||     2
  Use: Potion            |       |     7 |     1 ||     8
       Scroll            |       |     7 |     4 ||    11
 Stab: Sleeping          |     1 |     1 |     1 ||     3
  Eat: Chunk             |     1 |    12 |    19 ||    32
       Ration            |       |       |     1 ||     1
Armor: Skin              |    46 |    54 |    61 ||   161
Dodge: Dodged            |    81 |   173 |   199 ||   453
       Deflected         |       |       |     3 ||     3
Block: Other             |    17 |    56 |    41 ||   114
       Reflection        |       |     1 |     3 ||     4
